TOP OF THE 1ST |
Seattle Pikes batting - Pitching for El Dorado Oilers : RHP Francisco Ríos
|
Pitching: RHP Francisco Ríos
|
|
Batting: LHB Roberto Lozano
|
0-0: Ball 1-0: Called Strike 1-1: Foul Ball, location: 2F 1-2: Strikes out looking
|
Batting: RHB Wallace Greene
|
0-0: Fly out, F9 (Flyball, 9LSF)
|
Batting: LHB Richard Hunter
|
0-0: Ball 1-0: Ball 2-0: Swinging Strike 2-1: Ball 3-1: Base on Balls
|
Batting: SHB António Hernández
|
0-0: Ball 1-0: TRIPLE (Flyball, 7D) Richard Hunter scores
|
Batting: RHB Pete Rideout
|
0-0: Called Strike 0-1: Ball 1-1: Ball 2-1: Hit by Pitch
|
Pinch Runner at 1st Richard Bowman:
|
|
Batting: LHB Eduardo Gómez
|
0-0: Ball 1-0: Ball Passed Ball! António Hernández scores Richard Bowman to second 2-0: Foul Ball, location: 2F Balk! Richard Bowman to third 2-1: Ball 3-1: Base on Balls
|
Batting: RHB Arnold Harmon
|
0-0: Ball 1-0: Called Strike 1-1: Ball 2-1: Ball 3-1: Foul Ball, location: 2F 3-2: SINGLE (Groundball, 6D) Richard Bowman scores Eduardo Gómez to second Eduardo Gómez to third
|
Batting: LHB David Monahan
|
0-0: Ball 1-0: Foul Ball, location: 2F 1-1: Ball Arnold Harmon steals 2nd base 2-1: Swinging Strike 2-2: SINGLE (Groundball, 34D) Eduardo Gómez scores Arnold Harmon to third Runner from 3rd tries for Home, SAFE, no throw
|
Batting: RHB Bill Mark
|
0-0: Ball 1-0: Called Strike David Monahan steals 2nd base 1-1: SINGLE (Flyball, 78S) David Monahan to third Runner from 3rd tries for Home, SAFE, no throw
|
Batting: LHB Roberto Lozano
|
0-0: Ball 1-0: Called Strike 1-1: Foul Ball, location: 2F 1-2: Ball 2-2: Fly out, F9 (Flyball, 89S)
|
Top of the 1st over - 6 run(s), 4 hit(s), 0 error(s), 1 left on base; Seattle 6 - El Dorado 0 |
BOTTOM OF THE 1ST |
El Dorado Oilers batting - Pitching for Seattle Pikes : LHP Mike Graves
|
Pitching: LHP Mike Graves
|
|
Now at 2B: Richard Bowman
|
|
Batting: SHB Theron Harper
|
0-0: Swinging Strike 0-1: Fly out, F9 (Flyball, 9)
|
Batting: RHB Sixto Vélez
|
0-0: Called Strike 0-1: Foul Ball, location: 2F 0-2: Ball 1-2: Fly out, F8 (Flyball, 8RM)
|
Batting: LHB Tony Abete
|
0-0: Foul Ball, location: 2F 0-1: SINGLE (Line Drive, 34D)
|
Batting: RHB Valentín Borges
|
0-0: Ball Tony Abete steals 2nd base 1-0: Called Strike 1-1: Swinging Strike 1-2: Strikes out swinging
|
Bottom of the 1st over - 0 run(s), 1 hit(s), 0 error(s), 1 left on base; Seattle 6 - El Dorado 0 |
TOP OF THE 2ND |
Seattle Pikes batting - Pitching for El Dorado Oilers : RHP Francisco Ríos
|
Batting: RHB Wallace Greene
|
0-0: Ball 1-0: Ball 2-0: Called Strike 2-1: Ball 3-1: Called Strike 3-2: SINGLE (Groundball, 56D)
|
Batting: LHB Richard Hunter
|
0-0: Ball 1-0: Ball 2-0: Foul Ball, location: 2F 2-1: Foul Ball, location: 2F 2-2: Hit by Pitch Wallace Greene to second
|
Batting: SHB António Hernández
|
0-0: Ball 1-0: Ball 2-0: Ball 3-0: Called Strike 3-1: Foul Ball, location: 2F 3-2: Strikes out looking
|
Batting: SHB Richard Bowman
|
0-0: Called Strike 0-1: Foul Ball, location: 2F 0-2: Ball 1-2: Strikes out swinging
|
Batting: LHB Eduardo Gómez
|
0-0: Ball 1-0: Called Strike 1-1: Foul Ball, location: 2F 1-2: Foul Ball, location: 2F 1-2: Ball 2-2: Fly out, F8 (Flyball, 8RS)
|
Top of the 2nd over - 0 run(s), 1 hit(s), 0 error(s), 2 left on base; Seattle 6 - El Dorado 0 |
BOTTOM OF THE 2ND |
El Dorado Oilers batting - Pitching for Seattle Pikes : LHP Mike Graves
|
Batting: LHB José Hernández
|
0-0: Foul Ball, location: 2F 0-1: Foul Ball, location: 2F 0-2: Foul Ball, location: 2F 0-2: Foul Ball, location: 2F 0-2: Ball 1-2: Foul Ball, location: 2F 1-2: Strikes out swinging
|
Batting: LHB Ashley Pickhills
|
0-0: Called Strike 0-1: Called Strike 0-2: Ground out 4-3 (Groundball, 4)
|
Batting: LHB Al Gaines
|
0-0: Foul Ball, location: 2F 0-1: Ball 1-1: Swinging Strike 1-2: Ball 2-2: Ball 3-2: Strikes out swinging
|
Bottom of the 2nd over - 0 run(s), 0 hit(s), 0 error(s), 0 left on base; Seattle 6 - El Dorado 0 |
TOP OF THE 3RD |
Seattle Pikes batting - Pitching for El Dorado Oilers : RHP Francisco Ríos
|
Batting: RHB Arnold Harmon
|
0-0: Foul Ball, location: 2F 0-1: Ground out 6-3 (Groundball, 6M)
|
Batting: LHB David Monahan
|
0-0: Foul Ball, location: 2F 0-1: Foul Ball, location: 2F 0-2: Ball 1-2: Ground out U3 (Groundball, 3)
|
Batting: RHB Bill Mark
|
0-0: Ground out 6-3 (Groundball, 6)
|
Top of the 3rd over - 0 run(s), 0 hit(s), 0 error(s), 0 left on base; Seattle 6 - El Dorado 0 |
BOTTOM OF THE 3RD |
El Dorado Oilers batting - Pitching for Seattle Pikes : LHP Mike Graves
|
Batting: RHB José Carlos Caraballo
|
0-0: Ball 1-0: Called Strike 1-1: Swinging Strike 1-2: Ball 2-2: Ball 3-2: Strikes out swinging
|
Batting: LHB José Martínez
|
0-0: Foul Ball, location: 2F 0-1: Ball 1-1: Called Strike 1-2: Foul Ball, location: 2F 1-2: Ball 2-2: Ball 3-2: Ground out 6-3 (Groundball, 6)
|
Batting: SHB Theron Harper
|
0-0: Ball 1-0: Called Strike 1-1: Fly out, F5 (Popup, 5L)
|
Bottom of the 3rd over - 0 run(s), 0 hit(s), 0 error(s), 0 left on base; Seattle 6 - El Dorado 0 |
TOP OF THE 4TH |
Seattle Pikes batting - Pitching for El Dorado Oilers : RHP Francisco Ríos
|
Batting: LHB Roberto Lozano
|
0-0: SINGLE (Groundball, 34) (infield hit)
|
Batting: RHB Wallace Greene
|
0-0: Ball 1-0: Foul Ball, location: 2F 1-1: Ball 2-1: Ball 3-1: Base on Balls Roberto Lozano to second
|
Batting: LHB Richard Hunter
|
0-0: Ball Roberto Lozano steals 3rd base Wallace Greene to second 1-0: Ball 2-0: Fly out, F3 (Popup, 3L)
|
Batting: SHB António Hernández
|
0-0: Ball 1-0: Called Strike 1-1: Ground out 6-3 (Groundball, 6) Roberto Lozano scores
|
Pitching: RHP Pete Cook
|
|
Batting: SHB Richard Bowman
|
0-0: Called Strike 0-1: Ball 1-1: Ball 2-1: Ball 3-1: Foul Ball, location: 2F 3-2: Foul Ball, location: 2F 3-2: Foul Ball, location: 2F 3-2: Ground out U3 (Groundball, 3S)
|
Top of the 4th over - 1 run(s), 1 hit(s), 0 error(s), 1 left on base; Seattle 7 - El Dorado 0 |
BOTTOM OF THE 4TH |
El Dorado Oilers batting - Pitching for Seattle Pikes : LHP Mike Graves
|
Batting: RHB Sixto Vélez
|
0-0: Ball 1-0: Ball 2-0: Foul Ball, location: 2F 2-1: Ground out 1-3 (Groundball, 13S)
|
Batting: LHB Tony Abete
|
0-0: Swinging Strike 0-1: Foul Ball, location: 2F 0-2: Fly out, F4 (Line Drive, 4MD)
|
Batting: RHB Valentín Borges
|
0-0: Ball 1-0: Ball 2-0: Ball 3-0: Called Strike 3-1: Base on Balls
|
Batting: LHB José Hernández
|
0-0: Swinging Strike 0-1: Foul Ball, location: 2F 0-2: Foul Ball, location: 2F 0-2: Strikes out swinging
|
Bottom of the 4th over - 0 run(s), 0 hit(s), 0 error(s), 1 left on base; Seattle 7 - El Dorado 0 |
TOP OF THE 5TH |
Seattle Pikes batting - Pitching for El Dorado Oilers : RHP Pete Cook
|
Batting: LHB Eduardo Gómez
|
0-0: Ball 1-0: Ball 2-0: Called Strike 2-1: Swinging Strike 2-2: Strikes out swinging
|
Batting: RHB Arnold Harmon
|
0-0: Ball 1-0: Ball 2-0: Ball 3-0: Called Strike 3-1: Foul Ball, location: 2F 3-2: Foul Ball, location: 2F 3-2: Strikes out looking
|
Batting: LHB David Monahan
|
0-0: SINGLE (Line Drive, 9S)
|
Batting: RHB Bill Mark
|
0-0: Called Strike 0-1: Fly out, F6 (Line Drive, 6)
|
Top of the 5th over - 0 run(s), 1 hit(s), 0 error(s), 1 left on base; Seattle 7 - El Dorado 0 |
BOTTOM OF THE 5TH |
El Dorado Oilers batting - Pitching for Seattle Pikes : LHP Mike Graves
|
Batting: LHB Ashley Pickhills
|
0-0: Called Strike 0-1: Ball 1-1: Ground out 4-3 (Groundball, 4)
|
Batting: LHB Al Gaines
|
0-0: Called Strike 0-1: Ground out U3 (Groundball, 34)
|
Batting: RHB José Carlos Caraballo
|
0-0: Ball 1-0: Swinging Strike 1-1: Swinging Strike 1-2: Strikes out swinging
|
Bottom of the 5th over - 0 run(s), 0 hit(s), 0 error(s), 0 left on base; Seattle 7 - El Dorado 0 |
TOP OF THE 6TH |
Seattle Pikes batting - Pitching for El Dorado Oilers : RHP Pete Cook
|
Batting: LHB Roberto Lozano
|
0-0: Foul Ball, location: 2F 0-1: Foul Ball, location: 2F 0-2: Foul Ball, location: 2F 0-2: Ball 1-2: Ground out 4-3 (Groundball, 34)
|
Batting: RHB Wallace Greene
|
0-0: Ground out 5-3 (Groundball, 56)
|
Batting: LHB Richard Hunter
|
0-0: Foul Ball, location: 2F 0-1: Foul Ball, location: 2F 0-2: Ball 1-2: Strikes out swinging
|
Top of the 6th over - 0 run(s), 0 hit(s), 0 error(s), 0 left on base; Seattle 7 - El Dorado 0 |
BOTTOM OF THE 6TH |
El Dorado Oilers batting - Pitching for Seattle Pikes : LHP Mike Graves
|
Batting: LHB José Martínez
|
0-0: Ball 1-0: Ground out 6-3 (Groundball, 6)
|
Batting: SHB Theron Harper
|
0-0: Ball 1-0: Ground out 6-3 (Groundball, 6)
|
Batting: RHB Sixto Vélez
|
0-0: Called Strike 0-1: DOUBLE (Line Drive, 7LM)
|
Batting: LHB Tony Abete
|
0-0: Called Strike 0-1: Ball 1-1: Swinging Strike 1-2: Ground out 4-3 (Groundball, 4)
|
Bottom of the 6th over - 0 run(s), 1 hit(s), 0 error(s), 1 left on base; Seattle 7 - El Dorado 0 |
TOP OF THE 7TH |
Seattle Pikes batting - Pitching for El Dorado Oilers : RHP Pete Cook
|
Batting: SHB António Hernández
|
0-0: Ball 1-0: Fly out, F7 (Flyball, 7S)
|
Batting: SHB Richard Bowman
|
0-0: Foul Ball, location: 2F 0-1: Foul Ball, location: 2F 0-2: Foul Ball, location: 2F 0-2: Ball 1-2: Ground out U3 (Groundball, 34)
|
Batting: LHB Eduardo Gómez
|
0-0: Called Strike 0-1: SOLO HOME RUN (Flyball, 89XD), Distance : 393 ft
|
Batting: RHB Arnold Harmon
|
0-0: Foul Ball, location: 2F 0-1: Foul Ball, location: 2F 0-2: Strikes out swinging
|
Top of the 7th over - 1 run(s), 1 hit(s), 0 error(s), 0 left on base; Seattle 8 - El Dorado 0 |
BOTTOM OF THE 7TH |
El Dorado Oilers batting - Pitching for Seattle Pikes : LHP Mike Graves
|
Batting: RHB Valentín Borges
|
0-0: Called Strike 0-1: DOUBLE (Line Drive, 9LS)
|
Batting: LHB José Hernández
|
0-0: Ball 1-0: Ball 2-0: Foul Ball, location: 2F 2-1: Ball 3-1: Called Strike 3-2: Foul Ball, location: 2F 3-2: Ground out 4-3 (Groundball, 4) Valentín Borges to third
|
Batting: LHB Ashley Pickhills
|
0-0: Ball 1-0: Called Strike 1-1: Ball 2-1: Fly out, F8 (Flyball, 8LM)
|
Batting: LHB Al Gaines
|
0-0: SINGLE (Groundball, 56S) (infield hit) Valentín Borges scores
|
Batting: RHB José Carlos Caraballo
|
0-0: Ball 1-0: Ball 2-0: Swinging Strike 2-1: Called Strike 2-2: Foul Ball, location: 2F 2-2: Ball 3-2: Ground out 6-3 (Groundball, 56)
|
Bottom of the 7th over - 1 run(s), 2 hit(s), 0 error(s), 1 left on base; Seattle 8 - El Dorado 1 |
TOP OF THE 8TH |
Seattle Pikes batting - Pitching for El Dorado Oilers : RHP Pete Cook
|
Batting: LHB David Monahan
|
0-0: Called Strike 0-1: Ball 1-1: Ball 2-1: Ground out 6-3 (Groundball, 6)
|
Batting: RHB Bill Mark
|
0-0: Called Strike 0-1: Foul Ball, location: 2F 0-2: Ball 1-2: Foul Ball, location: 2F 1-2: Ball 2-2: SINGLE (Groundball, 56D)
|
Batting: LHB Roberto Lozano
|
0-0: SINGLE (Flyball, 9) Bill Mark to second Runner from 2nd tries for 3rd, SAFE, throw made to third Roberto Lozano to second
|
Batting: RHB Wallace Greene
|
0-0: Called Strike 0-1: Ball 1-1: Called Strike 1-2: Strikes out swinging
|
Batting: LHB Richard Hunter
|
0-0: Called Strike 0-1: Called Strike 0-2: Ball 1-2: Strikes out swinging
|
Top of the 8th over - 0 run(s), 2 hit(s), 0 error(s), 2 left on base; Seattle 8 - El Dorado 1 |
BOTTOM OF THE 8TH |
El Dorado Oilers batting - Pitching for Seattle Pikes : LHP Mike Graves
|
Pitching: RHP Orlando Ojeda
|
|
Batting: LHB José Martínez
|
0-0: Foul Ball, location: 2F 0-1: Ball 1-1: Ball 2-1: Ball 3-1: Fly out, F8 (Flyball, 89D)
|
Batting: SHB Theron Harper
|
0-0: Fly out, F8 (Flyball, 8RS)
|
Batting: RHB Sixto Vélez
|
0-0: Ball 1-0: DOUBLE (Line Drive, 89D) - OUT at third base trying to stretch hit.
|
Bottom of the 8th over - 0 run(s), 1 hit(s), 0 error(s), 0 left on base; Seattle 8 - El Dorado 1 |
TOP OF THE 9TH |
Seattle Pikes batting - Pitching for El Dorado Oilers : RHP Pete Cook
|
Batting: SHB António Hernández
|
0-0: DOUBLE (Line Drive, 9LM)
|
Batting: SHB Richard Bowman
|
0-0: Called Strike 0-1: Ball 1-1: Foul Ball, location: 2F 1-2: Ball 2-2: Ball 3-2: Ground out 6-3 (Groundball, 56)
|
Batting: LHB Eduardo Gómez
|
0-0: Ball 1-0: Ground out 4-3 (Groundball, 4) António Hernández to third
|
Pinch Hitting: RHB Dennis Stephenson
|
0-0: Called Strike 0-1: Foul Ball, location: 2F 0-2: Ball 1-2: Ball 2-2: Strikes out swinging
|
Top of the 9th over - 0 run(s), 1 hit(s), 0 error(s), 1 left on base; Seattle 8 - El Dorado 1 |
BOTTOM OF THE 9TH |
El Dorado Oilers batting - Pitching for Seattle Pikes : RHP Orlando Ojeda
|
Now at 3B: Iván Gonzáles
|
|
Batting: LHB Tony Abete
|
0-0: Swinging Strike 0-1: Ball 1-1: Called Strike 1-2: Ball 2-2: Strikes out swinging
|
Pinch Hitting: RHB Bob Johnson
|
0-0: Called Strike 0-1: Foul Ball, location: 2F 0-2: Foul Ball, location: 2F 0-2: Ball 1-2: SINGLE (Flyball, 8LS)
|
Batting: LHB José Hernández
|
0-0: Ball 1-0: Foul Ball, location: 2F 1-1: Called Strike 1-2: SINGLE (Flyball, 9LM) Bob Johnson to second Throwing error, E9 Bob Johnson scores José Hernández to second
|
Batting: LHB Ashley Pickhills
|
0-0: Swinging Strike 0-1: Ball 1-1: Swinging Strike 1-2: Strikes out swinging
|
Batting: LHB Al Gaines
|
0-0: Ground out U3 (Groundball, 34)
|
Bottom of the 9th over - 1 run(s), 2 hit(s), 1 error(s), 1 left on base; Seattle 8 - El Dorado 2 |
|